 Dungeon Crawl Stone Soup version 0.31-a0-743-g45f7035092 (webtiles) character file.

Game seed: 343894401574168969

3 javelincjr the Conjurer (level 1, 11/11 HPs)
             Began as an Octopode Conjurer on Sept 12, 2023.
             Was a Follower of Wu Jian.
             Quit the game on level 1 of the Dungeon.
             The game lasted 00:00:55 (164 turns).

javelincjr the Conjurer (Octopode Conjurer)          Turns: 164, Time: 00:00:55

Health: 11/11      AC:  1    Str:  6    XL:     1   Next: 50%
Magic:  3/3        EV: 13    Int: 20    God:    Wu Jian [*.....]
Gold:   6          SH:  0    Dex: 10    Spells: 3/4 levels left

rFire   . . .        (no weapon)
rCold   . . .        (no shield)
rNeg    . . .        (helmet restricted)
rPois   .            (no amulet)
rElec   .            (no ring)
rCorr   .            (no ring)
SInv    .            (no ring)
Will    .....        (no ring)
Stlth   +++          (no ring)
HPRegen 0.21/turn    (no ring)
MPRegen 0.08/turn    (no ring)
                     (no ring)

%: no passive effects
@: no status effects
A: almost no armour, amphibious, 8 rings, camouflage 1, gelatinous body 1,
(nimble swimmer 1), tentacles
a: Renounce Religion


You were on level 1 of the Dungeon.
You worshipped Wu Jian.
Wu Jian was aware of your devotion.
You visited 1 branch of the dungeon, and saw 1 of its levels.

You collected 6 gold pieces.

Inventory:

Potions
 a - a potion of magic


   Skills:
 + Level 2.0 Dodging
 + Level 2.8 Stealth
 + Level 2.0 Spellcasting
 + Level 4.0 Conjurations


You had 3 spell levels left.
You knew the following spells:

 Your Spells              Type           Power      Damage    Failure   Level
a - Magic Dart            Conj           72%        1d6       3%          1

Your spell library contained the following spells:

 Spells                   Type           Power      Damage    Failure   Level
 Searing Ray              Conj           36%        2d5       4%          2
 Dazzling Flash           Conj/Hex       20%        N/A       21%         3
 Fulminant Prism          Conj/Hex       5%         3d7       56%         4
 Iskenderun's Mystic Bla  Conj/Tloc      10%        2d4       56%         4


Dungeon Overview and Level Annotations

Branches:
Dungeon (1/15)

Altars:
Wu Jian


Innate Abilities, Weirdness & Mutations

You cannot wear most types of armour.
You are amphibious.
You can wear up to eight rings at the same time.
Your skin changes colour to match your surroundings (Stealth+).
Your rubbery body absorbs attacks. (AC +1, EV +1)
((You are camouflaged when in or above water. (Stealth+)))
You have tentacles for arms and can constrict up to eight enemies at once.


Message History

You constrict the plant.
You release your grip on the plant.
You tentacle-slap the plant.
The plant begins to die.
You grab the plant.
The plant is lightly damaged.
You constrict the plant, but do no damage.
A nearby plant withers and dies.
You release your grip on the plant.
A nearby plant withers and dies.
You tentacle-slap the plant but do no damage.
You grab the plant. You constrict the plant.
The plant begins to die.
You tentacle-slap the plant.
The plant begins to die.
You grab the plant.
The plant is lightly damaged.
You constrict the plant. x2
You release your grip on the plant. x2
A nearby plant withers and dies.
You tentacle-slap the fungus.
The fungus begins to die.
You grab the fungus.
The fungus is lightly damaged.
You constrict the fungus, but do no damage.
You release your grip on the fungus.
A nearby plant withers and dies.
You tentacle-slap the plant.
The plant begins to die.
You grab the plant. You squeeze the plant!
The plant is lightly damaged.
You constrict the plant.
You release your grip on the plant.
A nearby fungus withers and dies.
A nearby plant withers and dies.
You tentacle-slap the plant.
The plant begins to die.
You grab the plant. You squeeze the plant!
The plant is lightly damaged.
You constrict the plant.
You release your grip on the plant.
There is a faded altar of an unknown god here.
This altar belongs to (a) Sif Muna, (b) Wu Jian or (c) the Shining One, but you can't tell which.
Press the corresponding letter to learn more about a god, or press enter to convert or escape to cancel.
Wu Jian accepts your prayer! The Council welcomes you!
You can now perform damaging attacks by moving towards foes.
You can now lightly attack monsters by moving around them.
A nearby plant withers and dies.
Unknown command.
Press < or > to pray at altars.
Are you sure you want to abandon this character and quit the game? (Confirm with "yes".)

. ... .....###.
#.##.##.#...... .
###......#..###.
..####........#..###.
..P...P...........†..
..P....P.###.#######
.P.P####....##
###.........#
#@......†...#
###.........#
#..P.⌠..~..##
#..~⌠⌠...###
.###.~....#
..........#
............#
.##.#######.# #. .#


There were no monsters in sight!

Vanquished Creatures
  A bat (D:1)
  A hobgoblin (D:1)
  A frilled lizard (D:1)
3 creatures vanquished.

Notes
Turn   | Place    | Note
-------+----------+-------------------------------------------
     0 | D:1      | javelincjr the Octopode Conjurer began the quest for the
                  | Orb.
     0 | D:1      | Reached XP level 1. HP: 11/11 MP: 3/3
   121 | D:1      | Found a faded altar of an unknown god.
   163 | D:1      | Prayed at the altar of an unknown god.
   163 | D:1      | Became a worshipper of the Wu Jian Council
   163 | D:1      | Reached * piety under Wu Jian
   164 | D:1      | Quit the game

Illustrated notes

Levels and vault maps discovered:
D:1:      scummos_arrival_gate, layout_loops_cross, serial_shops, shop,
          shapermc_ecumenical_altar_mp_ritualfount, minmay_pentomino_t2

Action                     || total
---------------------------++-------
  Melee: Unarmed           ||    16
         Constrict         ||    15
         Tentacles         ||     4
   Cast: Magic Dart        ||     6
 Armour: Skin              ||     1

Table legend: (Time is in decaauts)
 A = Elapsed time spent in this place.
 B = Non-inter-level travel time spent in this place.
 C = Inter-level travel time spent in this place.
 D = Time resting spent in this place.
 E = Time spent auto-exploring this place.
 F = Levels seen in this place.
 G = Mean time per level.
                   A        B        C        D        E       F      G
               +--------+--------+--------+--------+--------+-----+--------+
         Total |    164 |    164 |      0 |      0 |    113 |   1 |  164.0 |
       Dungeon |    164 |    164 |      0 |      0 |    113 |   1 |  164.0 |
               +--------+--------+--------+--------+--------+-----+--------+

Top non-repeatable levels by time:
     D:1: 164 daAuts
